 Dungeon Crawl Stone Soup version 0.16-b1 (webtiles) character file.

476 McCoppin the Cudgeler (level 7, 0/60 HPs)
             Began as a Gargoyle Gladiator on Mar 10, 2015.
             Slain by a troll (3 damage)
             ... on level 6 of the Dungeon.
             The game lasted 00:15:34 (3999 turns).

McCoppin the Cudgeler (Gargoyle Gladiator)          Turns: 3999, Time: 00:15:34

Health: 0/60       AC: 23    Str: 21    XL:     7   Next: 10%
Magic:  0/7        EV:  2    Int: 13    God:
Gold:   170        SH:  9    Dex:  6    Spells: 0 memorised, 6 levels left

rFire  . . .     SeeInvis .     a - +0 flail
rCold  + . .     Clarity  .     w - melded +1 scale mail
rNeg   + + +     SustAb   .     j - +2 shield
rPois  ∞         Gourm    .     c - melded +0 helmet
rElec  .         Spirit   +     (cloak currently unavailable)
rCorr  .         Warding  .     (gloves currently unavailable)
rMut   .         NoTele   +     (boots currently unavailable)
MR     .....                    p - amulet of guardian spirit (curse)
Stlth  +.........               t - ring of teleport control
                                h - ring of protection from cold

@: brilliant, tree-form (expiring), not resistant to hostile enchantments, very
unstealthy
A: clumsy 2, negative energy resistance 1, (electricity resistance), wild magic
1, (unbreathing), petrification resistance, rot immunity, AC +4
a: Evoke Teleport Control


You were on level 6 of the Dungeon.
You were hungry.
You were a tree.
You visited 1 branch of the dungeon, and saw 6 of its levels.

You collected 200 gold pieces.
You spent 30 gold pieces at shops.

Inventory:

Hand weapons
 a - a +0 flail (weapon)
Missiles
 d - 3 throwing nets (quivered)
Armour
 b - a +0 leather armour
 c - a +0 helmet (melded)
 j - a +2 shield (worn)
 w - a +1 scale mail (melded)
 y - a +0 helmet
Jewellery
 h - a ring of protection from cold (left branch)
 p - a cursed amulet of guardian spirit (around neck)
 t - a ring of teleport control (right branch)
Scrolls
 e - a scroll of enchant weapon {unknown}
 m - a scroll of fog {unknown}
 q - a scroll of random uselessness {unknown}
 s - a scroll of enchant armour
 u - a scroll of fear {unknown}
 x - 4 scrolls of remove curse
 z - a scroll of noise {unknown}
 B - a scroll of recharging {unknown}
Potions
 r - a potion of brilliance
Comestibles
 f - 3 bread rations
 g - 2 slices of pizza
 k - 2 beef jerkies
 o - 2 meat rations


   Skills:
 - Level 2.1 Fighting
 + Level 7.8 Maces & Flails
 - Level 2.0 Throwing
 - Level 2.4 Dodging


You had 6 spell levels left.
You didn't know any spells.

Dungeon Overview and Level Annotations

Branches:
Dungeon (6/15)
 Temple: D:4-7

Altars:
Cheibriados
Elyvilon
Makhleb

Shops:
D:6 %!(

Annotations:
D:5 McCoppin's ghost, experienced SpAs


Innate Abilities, Weirdness & Mutations

You are resistant to torment.
You are immune to poison.
((Your stone body is very resilient (AC +4).))
You resist negative energy.
((You are resistant to electric shocks.))
((You can survive without breathing.))
You are immune to petrification.
You are immune to rotting.
You are very clumsy. (Dex -4)
Your spells are a little harder to cast, but a little more powerful.


Message History

The troll bites you but does no damage. The troll claws you but does no damage.
The troll claws you but does no damage. The hound bites you but does no damage.
You hit the troll.
The troll is severely wounded.
You block the hound's attack.
The hobgoblin hits you but does no damage.
The troll bites you but does no damage. The troll claws you.
* * * LOW HITPOINT WARNING * * *
The troll claws you.
* * * LOW HITPOINT WARNING * * *
Drink which item? (? for menu, Esc to quit)
Okay, then.
Read which item? (? for menu, Esc to quit)
Okay, then.
You barely miss the troll.
The troll is severely wounded.
The hound barely misses you.
The hobgoblin hits you but does no damage.
The troll barely misses you. You block the troll's attack. The troll claws you.
You die...

### #.....# #.####.#
#.....# #.####.# #.....#
##......#
##.........####.###
...#####.# ##.#.##
#..#####.###.#.#.##
..........###.###.######.#
.......)..##.## ##.......#
.#.##[##T♣....###.########
.......hg.....#.##
.....#..##.#..##
...........#.##
.###.#.##..#.#
......#...## ##.......#
#####.## ..


You could see a troll, a hound and a hobgoblin.

Vanquished Creatures
  2 giant frogs
  A hound (D:2)
  An orc priest (D:4)
  2 orc wizards (D:6)
  2 iguanas
  A hound zombie (D:5)
  3 gnolls (D:5)
  4 adders
  2 giant mites
  A worm (D:2)
  2 adder skeletons (D:6)
  4 giant geckos
  5 orcs
  7 bats
  A bat skeleton (D:6)
  6 hobgoblins
  6 kobolds
  3 quokkas
  6 giant cockroaches
  8 giant newts
  7 goblins
  11 jackals
  3 rats
88 creatures vanquished.

Notes
Turn   | Place    | Note
--------------------------------------------------------------
     0 | D:1      | McCoppin, the Gargoyle Gladiator, began the quest for the Orb.
     0 | D:1      | Reached XP level 1. HP: 12/12 MP: 1/1
   358 | D:1      | Reached XP level 2. HP: 12/17 MP: 2/2
  1283 | D:2      | Reached skill level 4 in Maces & Flails
  1397 | D:2      | Reached XP level 3. HP: 13/21 MP: 3/3
  1580 | D:2      | Found a snail-covered altar of Cheibriados.
  2117 | D:2      | Found a burning altar of Makhleb.
  2128 | D:2      | Reached skill level 5 in Maces & Flails
  2128 | D:2      | Reached XP level 4. HP: 22/26 MP: 4/4
  2489 | D:3      | Reached XP level 5. HP: 30/30 MP: 5/5
  2676 | D:4      | Reached skill level 6 in Maces & Flails
  2795 | D:5      | Entered Level 5 of the Dungeon
  2815 | D:5      | Reached XP level 6. HP: 17/35 MP: 3/6
  3219 | D:5      | Found a staircase to the Ecumenical Temple.
  3219 | D:5      | Noticed McCoppin's ghost (experienced SpAs)
  3245 | D:5      | Found a white marble altar of Elyvilon.
  3266 | D:5      | Reached skill level 7 in Maces & Flails
  3551 | D:6      | Found Smiepnai's Food Shoppe.
  3597 | D:6      | Found Uxkesem's Distillery.
  3644 | D:6      | Bought a potion of mutation for 30 gold pieces
  3647 | D:6      | Gained mutation: You are clumsy. (Dex -2) [potion of mutation]
  3647 | D:6      | Gained mutation: Your spells are a little harder to cast, but a little more powerful. [potion of mutation]
  3647 | D:6      | Gained mutation: You are very clumsy. (Dex -4) [potion of mutation]
  3785 | D:6      | Found Doty's Weapon Emporium.
  3860 | D:6      | Reached XP level 7. HP: 40/40 MP: 4/7
  3951 | D:6      | Noticed a troll
  3988 | D:6      | HP: 3/60 [hound (3)]
  3998 | D:6      | HP: 3/60 [troll (2)]
  3999 | D:6      | Slain by a troll

Action                   |  1- 3 |  4- 6 |  7- 9 || total
-------------------------+-------+-------+-------++-------
Melee: Flail             |   139 |   201 |    53 ||   393
  Use: Scroll            |       |     7 |       ||     7
       Potion            |       |     2 |     8 ||    10
  Eat: Chunk             |     4 |     1 |       ||     5
       Bread ration      |       |     1 |       ||     1
